 Dungeon Crawl Stone Soup version 0.30-a0-137-gd8773701ce (webtiles) character file.

Game seed: 388468016008945793

78 Julmuri the Ogre Mage (level 4, 0/40 HPs)
             Began as an Ogre Hedge Wizard on Sept 22, 2022.
             Killed from afar by an orc wizard (5 damage)
             ... with a magic dart
             ... on level 3 of the Dungeon.
             The game lasted 00:34:34 (3011 turns).

Julmuri the Ogre Mage (Ogre Hedge Wizard)           Turns: 3011, Time: 00:34:35

Health: 0/40       AC:  3    Str: 14    XL:     4   Next: 36%
Magic:  3/10       EV: 10    Int: 17    God:
Gold:   117        SH:  0    Dex:  8    Spells: 11/12 levels left

rFire   . . .      SeeInvis .    i - +0 short sword
rCold   . . .      Faith    .    (no shield)
rNeg    . . .      Spirit   .    p - +0 robe
rPois   .          Reflect  .    c - +0 hat
rElec   .          Harm     .    (no cloak)
rCorr   .          Rampage  .    (gloves unavailable)
Will    .....                    (boots unavailable)
Stlth   ++........               (no amulet)
HPRegen 0.13/turn                (no ring)
MPRegen 0.12/turn                (no ring)

@: no status effects
A: large, unfitting armour, tough skin 1
a: no special abilities


You were on level 3 of the Dungeon.
You visited 1 branch of the dungeon, and saw 3 of its levels.

You collected 117 gold pieces.

Inventory:

Hand Weapons
 a - a +0 dagger
 i - a +0 short sword (weapon)
 n - a +0 spear
 w - a +0 dagger
 y - a +0 whip
Missiles
 j - 27 stones
 o - 2 poisoned darts
 q - 5 javelins
 r - a boomerang
Armour
 b - a +0 robe
 c - a +0 hat (worn)
 l - a +0 chain mail
 p - a +0 robe (worn)
 t - a +0 leather armour
 u - a +0 buckler
 x - a +0 robe
 A - a +0 animal skin
Jewellery
 k - a ring of resist corrosion
 v - a ring of flight
Scrolls
 m - 2 scrolls of identify {unknown}
Potions
 d - a potion of magic
 e - 2 potions of lignification {unknown}
 f - 2 potions of haste {unknown}
 g - 5 potions of curing {unknown}
 h - 2 potions of berserk rage {unknown}
 z - a potion of flight {unknown}


   Skills:
 + Level 0.8 Fighting
 + Level 0.2 Short Blades
 + Level 0.3 Polearms
 + Level 2.3 Dodging
 + Level 1.8 Stealth
 + Level 4.6 Spellcasting
 + Level 1.5 Conjurations
 + Level 0.8 Summonings
 + Level 0.8 Translocations


You had 11 spell levels left.
You knew the following spells:

 Your Spells              Type           Power      Damage    Failure   Level
a - Magic Dart            Conj           36%        1d4       8%          1

Your spell library contained the following spells:

 Spells                   Type           Power      Damage    Failure   Level
 Slow                     Hex            12%        N/A       16%         1
 Blink                    Tloc           12%        N/A       16%         2
 Call Imp                 Summ           6%         N/A       16%         2
 Cigotuvi's Dreadful Rot  Necr/Pois/Air  6%         N/A       22%         2
 Mephitic Cloud           Conj/Pois/Air  5%         N/A       36%         3
 Ignite Poison            Fire/Tmut/Pois 3%         N/A       41%         3
 Freezing Cloud           Conj/Ice/Air   2%         6-21      98%         5


Dungeon Overview and Level Annotations

Branches:
Dungeon (3/15)

Altars:


Innate Abilities, Weirdness & Mutations

You are too large for most types of armour.
You have tough skin. (AC +1)


Message History

The orc wizard mumbles some strange words.
The orc wizard flickers and vanishes!
Deactivating autopickup; reactivate with Ctrl-A.
Autopickup is now on.
You hit the orc.
Your attack snaps the orc out of its fear.
The orc is almost dead.
Cornered, the orc turns to fight!
You barely miss the orc.
The orc is almost dead.
The orc barely misses you.
You hit the orc but do no damage.
The orc is almost dead.
The orc closely misses you.
You hit the orc.
You kill the orc!
Aiming: Magic Dart (safe; 8% risk of failure)
Press: ? - help, Q - select action, (/) - cycle Shift-Dir - straight line The magic dart hits something.
Aiming: Magic Dart (safe; 8% risk of failure)
Press: ? - help, Q - select action, (/) - cycle Shift-Dir - straight line The magic dart hits something but does no damage.
Things that are here:
a +0 whip; a boomerang; a +0 leather armour
r - a boomerang
There is a stone staircase leading up, spattered with blood here.
Things that are here:
a +0 hand axe; a +0 ring mail
Okay, then.
You see here a +0 mace.
Things that are here:
a +0 hand axe; a +0 ring mail
There is a stone staircase leading up, spattered with blood here.
Things that are here:
a +0 whip; a +0 leather armour You start resting.
An orc wizard appears from thin air!
The orc wizard points at you and mumbles some strange words.
The magic dart hits you.
You die...

### ##.# #..#
#..# #..#
#####..#
#...o..#########
######.....@)<.#
#########)# #.#
#)# #.# #.# #.#
#.# #.#


You could see an orc wizard.

Vanquished Creatures
  Robin (D:2)
  2 adders (D:2)
  A dart slug (D:2)
  3 orcs (D:3)
  2 bats (D:2)
  2 endoplasms
  2 giant cockroaches
  9 goblins (D:2)
  6 hobgoblins (D:2)
  3 kobolds
  2 quokkas (D:1)
  2 ball pythons
  5 rats (D:1)
  A spectral kobold (D:1)
41 creatures vanquished.

Vanquished Creatures (others)
  2 plants (D:1)
2 creatures vanquished.

Grand Total: 43 creatures vanquished

Notes
Turn   | Place    | Note
-------+----------+-------------------------------------------
     0 | D:1      | Julmuri the Ogre Hedge Wizard began the quest for the Orb.
     0 | D:1      | Reached XP level 1. HP: 16/16 MP: 5/5
   687 | D:1      | Reached skill level 4 in Spellcasting
   755 | D:1      | Reached XP level 2. HP: 20/24 MP: 1/7
  1198 | D:2      | Reached skill level 1 in Conjurations
  1314 | D:2      | Reached XP level 3. HP: 30/31 MP: 8/8
  1979 | D:2      | Noticed Robin
  2086 | D:1      | Found a faded altar of an unknown god.
  2480 | D:2      | Killed Robin
  2481 | D:2      | Reached XP level 4. HP: 37/40 MP: 2/10
  2991 | D:3      | HP: 2/40 [orc/+0 whip (5)]
  3011 | D:3      | Killed from afar by an orc wizard

Illustrated notes

Levels and vault maps discovered:
D:1:      roderic_octagonal_star, layout_basic,
          dreamdust_ecumenical_altar_drowned_temple, nrook_mini_vaults,
          serial_bayou_pond_d
D:2:      layout_loops_ring, uniq_robin
D:3:      minmay_inner_zag, layout_loops_ring, mainiacjoe_overflow_brackets,
          serial_shops, shop, minmay_rat_hole

Skill      XL: |  1  2  3 |
---------------+----------+-----
Spellcasting   | 4 |  4.6
Conjurations   | 1 |  1.5
Dodging        | 2 |  2.3
Fighting       | |  0.8
Short Blades   | |  0.2
Polearms       | |  0.3
Stealth        | |  1.8
Summonings     | |  0.8
Translocations | |  0.8

Action                   |  1- 3 |  4- 6 || total
-------------------------+-------+-------++-------
Melee: Dagger            |    19 |       ||    19
       Spear             |    28 |       ||    28
       Punch             |     1 |       ||     1
       Short sword       |       |    36 ||    36
 Cast: Magic Dart        |   100 |    25 ||   125
  Use: Scroll            |     1 |     2 ||     3
Armor: Robe              |    27 |     6 ||    33
Dodge: Dodged            |    44 |    19 ||    63

Table legend: (Time is in decaauts)
 A = Elapsed time spent in this place.
 B = Non-inter-level travel time spent in this place.
 C = Inter-level travel time spent in this place.
 D = Time resting spent in this place.
 E = Time spent auto-exploring this place.
 F = Levels seen in this place.
 G = Mean time per level.
                   A        B        C        D        E       F      G
               +--------+--------+--------+--------+--------+-----+--------+
         Total |   3025 |   2992 |     33 |    225 |   1583 |   3 | 1008.3 |
       Dungeon |   3025 |   2992 |     33 |    225 |   1583 |   3 | 1008.3 |
               +--------+--------+--------+--------+--------+-----+--------+

Top non-repeatable levels by time:
     D:2: 1530 daAuts
     D:1: 1435 daAuts
     D:3: 59 daAuts
